 Dungeon Crawl Stone Soup version 0.17.0-1-g61d176b (webtiles) character file.

44 McCoppin the Bolt Thrower (level 3, 0/30 HPs)
             Began as a Formicid Hunter on Nov 7, 2015.
             Slain by a worm (9 damage)
             ... on level 2 of the Dungeon.
             The game lasted 00:03:52 (1316 turns).

McCoppin the Bolt Thrower (Formicid Hunter)         Turns: 1316, Time: 00:03:52

Health: 0/30       AC:  3    Str: 17    XL:     3   Next: 85%
Magic:  3/3        EV: 11    Int: 10    God:
Gold:   31         SH:  0    Dex: 11    Spells: 0 memorised, 2 levels left

rFire  . . .     SeeInvis +     c - +0 short sword
rCold  . . .     Clarity  .     d - +0 leather armour
rNeg   . . .     SustAt   .     (no shield)
rPois  .         Gourm    .     (helmet unavailable)
rElec  .         Spirit   .     (no cloak)
rCorr  .         Warding  .     (no gloves)
rMut   .         Stasis   +     (no boots)
MR     .....                    (no amulet)
Stlth  +.........               (no ring)
                                i - ring of teleportation (curse)

@: not resistant to hostile enchantments, very unstealthy
A: permanent stasis, dig shafts and tunnels, four strong arms, antennae 3
a: Dig, Shaft Self, Evoke Teleportation


You were on level 2 of the Dungeon.
You were full.

You visited 1 branch of the dungeon, and saw 2 of its levels.

You collected 31 gold pieces.

Inventory:

Hand Weapons
 a - a +1 hand crossbow
 c - a +0 short sword (weapon)
Missiles
 l - 10 curare-tipped needles
Armour
 d - a +0 leather armour (worn)
 r - a steam dragon hide
Jewellery
 i - a cursed ring of teleportation (left hand)
Scrolls
 f - a scroll of teleportation {unknown}
 h - 3 scrolls of identify {unknown}
 j - a scroll of fear {unknown}
 k - a scroll of random uselessness {unknown}
 m - 2 scrolls of remove curse {unknown}
 n - 2 scrolls of noise {unknown}
 o - a scroll of enchant armour {unknown}
Potions
 g - 2 potions of brilliance {unknown}
 p - a potion of curing {unknown}
Books
 q - a book of the Tempests

   Spells                             Type                      Level
   a - Static Discharge               Conjuration/Air              3
   b - Lightning Bolt                 Conjuration/Air              5
   c - Fireball                       Conjuration/Fire             5
   d - Tornado                        Air                          9
   e - Shatter                        Earth                        9
Comestibles
 s - a meat ration
 t - 5 chunks of flesh


   Skills:
 * Level 3.8 Fighting
 + Level 4.2 Crossbows
 - Level 1.7 Dodging
 - Level 1.2 Stealth


You had 2 spell levels left.
You didn't know any spells.

Dungeon Overview and Level Annotations

Branches:
Dungeon (2/15)

Altars:


Innate Abilities, Weirdness & Mutations

You are under a permanent stasis effect.
You can dig through walls and to a lower floor.
Your four strong arms can wield two-handed weapons with a shield.
You have a pair of large antennae on your head (SInv).


Message History

The worm bites you.
You hit the worm.
The worm is severely wounded.
The worm closely misses you.
You hit the worm.
The worm is severely wounded.
The giant gecko bites you.
You hit the worm but do no damage.
The worm is severely wounded.
The giant gecko bites you. The worm bites you!
You hit the worm.
The worm is severely wounded.
The giant gecko barely misses you. The worm bites you.
* * * LOW HITPOINT WARNING * * *
The giant gecko closely misses you. The giant gecko barely misses you.
You hit the worm.
The worm is almost dead.
The worm bites you!
You die...

###.##.#...##########
#.##.#...########
##..........).<..#
((.........######.#
#######..### #.#
#.#(#.#.#.#######(#####
.(.....l............<.#
#(#.#†#w#.#######.###.#
....(..@...# #.#
#.#.#.#.#.## ##.##
.........(# #...#
#(#.#.#.#.## #...#
>......(... #...# #.#.#
#.#.## ##.## .... ...
#.# .# #.# #.# #.# #.##


You could see a worm and a giant gecko.

Vanquished Creatures
  An adder (D:2)
  A worm (D:2)
  2 giant cockroaches (D:1)
  A goblin (D:2)
  9 hobgoblins
  3 kobolds (D:2)
  A ball python (D:1)
  4 bats
  3 giant newts
  4 rats
29 creatures vanquished.

Notes
Turn   | Place    | Note
--------------------------------------------------------------
     0 | D:1      | McCoppin the Formicid Hunter began the quest for the Orb.
     0 | D:1      | Reached XP level 1. HP: 16/16 MP: 1/1
    64 | D:1      | Reached XP level 2. HP: 23/23 MP: 2/2
   752 | D:2      | Reached XP level 3. HP: 10/30 MP: 3/3
  1316 | D:2      | Slain by a worm

Action                   || total
-------------------------++-------
Melee: Short sword       ||     7
 Fire: Hand crossbow     ||    68
  Eat: Bread ration      ||     1
       Chunk             ||     1
